 Dungeon Crawl Stone Soup version 0.26.1-11-gd32895ea62 (webtiles) character file.

Game seed: 16460860914482499159

32 Zeld the Twirler (level 3, -2/24 HPs)
             Began as an Octopode Gladiator on May 23, 2021.
             Slain by a jackal (3 damage)
             ... on level 1 of the Dungeon.
             The game lasted 00:00:53 (728 turns).

Zeld the Twirler (Octopode Gladiator)                Turns: 728, Time: 00:00:54

Health: -2/24      AC:  1    Str: 14    XL:     3   Next: 27%
Magic:  3/3        EV: 14    Int: 10    God:
Gold:   30         SH:  0    Dex: 13    Spells: 2/2 levels left

rFire    . . .     SeeInvis .   a - +0 quarterstaff
rCold    . . .     Faith    .   (shield currently unavailable)
rNeg     . . .     Spirit   .   b - +0 hat
rPois    .         Reflect  .   (no amulet)
rElec    .         Harm     .   (no ring)
rCorr    .         Rampage  .   (no ring)
Will     .....                  (no ring)
Stlth    ++........             (no ring)
HPRegen  0.08/turn              (no ring)
MPRegen  0.08/turn              (no ring)
                                (no ring)
                                (no ring)

@: no status effects
A: almost no armour, stealthy swim, amphibious, 8 rings, constrict 8, camouflage
1, gelatinous body 1
a: no special abilities


You were on level 1 of the Dungeon.
You visited 1 branch of the dungeon, and saw 1 of its levels.

You collected 30 gold pieces.

Inventory:

Hand Weapons
 a - a +0 quarterstaff (weapon)
Missiles
 c - 4 throwing nets
 e - 6 curare-tipped darts
Armour
 b - a +0 hat (worn)
Scrolls
 d - a scroll of enchant weapon {unknown}
 f - a scroll of amnesia {unknown}
 h - a scroll of fear {unknown}
Potions
 g - a potion of heal wounds {unknown}
 i - a potion of invisibility {unknown}


   Skills:
 - Level 2.0 Fighting
 * Level 4.3 Staves
 - Level 2.0 Throwing
 - Level 3.0 Dodging


You had 2 spell levels left.
You didn't know any spells.
Your spell library was empty.

Dungeon Overview and Level Annotations

Branches:
Dungeon (1/15)

Altars:


Innate Abilities, Weirdness & Mutations

You cannot wear most types of armour.
You are very stealthy in the water. (Stealth+)
You are amphibious.
You can wear up to eight rings at the same time.
You can use your tentacles to constrict eight enemies at once.
Your skin changes colour to match your surroundings (Stealth+).
Your rubbery body absorbs attacks. (AC +1, EV +1)


Message History

The jackal closely misses you.
The jackal bites you but does no damage.
The jackal barely misses you. The jackal bites you.
Things that are here:
a cursed +0 club; a hobgoblin corpse The jackal bites you.
* * * LOW HITPOINT WARNING * * *
The jackal barely misses you. The jackal bites you.
* * * LOW HITPOINT WARNING * * *
You hit the jackal but do no damage. Your grab misses the jackal.
Your squeeze misses the jackal. The jackal bites you.
* * * LOW HITPOINT WARNING * * *
You closely miss the jackal. You grab the jackal.
You constrict the jackal, but do no damage.
The jackal bites you.
* * * LOW HITPOINT WARNING * * *
You barely miss the jackal.
You constrict the jackal, but do no damage.
The jackal misses you. The jackal bites you.
You die...

## #.#.# #......#.
.#####.#.##
#)r#.##.r
..........# ##..#.#
. ..####.#..#
#...#.. ....†.†#).#
#r#.##.#.
.#######..#
#hh...... .# #..#
#h#####.# .### #..#
..#h# ...#
#..#....#@#
...#####..#....#.#
..)#......#....#.#
...#.####.#....#.#
...#......#....#.#
...............#.#
...............#.#
............####.##
###########.......#


You could see 4 jackals and a rat.

Vanquished Creatures
  2 dart slugs (D:1)
  A leopard gecko (D:1)
  A bat (D:1)
  3 giant cockroaches (D:1)
  3 goblins (D:1)
  6 hobgoblins (D:1)
  3 jackals (D:1)
  A kobold (D:1)
  A frilled lizard (D:1)
  A rat (D:1)
22 creatures vanquished.

Notes
Turn   | Place    | Note
-------+----------+-------------------------------------------
     0 | D:1      | Zeld the Octopode Gladiator began the quest for the Orb.
     0 | D:1      | Reached XP level 1. HP: 14/14 MP: 1/1
   313 | D:1      | Reached XP level 2. HP: 19/19 MP: 2/2
   671 | D:1      | Reached skill level 4 in Staves
   691 | D:1      | Reached XP level 3. HP: 22/24 MP: 3/3
   727 | D:1      | HP: 1/24 [jackal (3)]
   728 | D:1      | Slain by a jackal

Illustrated notes

Levels and vault maps discovered:
D:1:      sevenhm_arrival_forest_fort_large_2, layout_basic,
          serial_corexii_hall, chequers_hall_statues_y, corexii_hall_statues_i

Skill      XL: |  1  2 |
---------------+-------+-----
Staves         | 4 |  4.3
Fighting       | |  2.0
Throwing       | |  2.0
Dodging        | |  3.0

Action                   || total
-------------------------++-------
Melee: Quarterstaff      ||    48
       Constrict         ||    19
       Tentacles         ||    10
 Stab: Sleeping          ||     4
Armor: Skin              ||     6
Dodge: Dodged            ||    36
